Map: [ESL] Goldenaura

Players

Bly - Winner!

  • Race: Zerg Zerg
  • Spawn Location: 5:00

Elazer

  • Race: Zerg Zerg
  • Spawn Location: 12:00

Event: ESL SC2 Masters 2023 Winter (Regional)

VOD

Have the link to the VOD?

Description

Time

  • Played on: Nov. 3, 2023, 12:30 p.m.
  • Length: 24:32

All games in this series

Show
View Real Time Build Order
Export as new Build Order

Bly Zerg - Winner!

Build Orders: Pool First 

Get SALT Encoding   

  12  0:16  Spawning Pool  
  11  0:22  Drone  
  11  0:27  Drone  
  13  0:31  Drone  
  14  0:43  Overlord  
  14  1:03  Zergling x4  
  16  1:05  Zergling x2  
  17  1:17  Hatchery  
  16  1:21  Zergling x2, Spine Crawler  
  17  1:26  Zergling x2  
  18  1:37  Zergling x2  
  19  1:48  Zergling x2, Hatchery  
  19  1:58  Drone  
  20  2:09  Queen  
  22  2:21  Overlord  
  22  2:24  Extractor  
  17  2:37  Drone x2  
  17  2:44  Drone  
  18  2:48  Queen  
  20  2:53  Drone  
  21  3:06  Drone x2, Queen  
  21  3:12  Drone  
  26  3:18  Drone x3  
  29  3:27  Overlord  
  28  3:35  Overlord  
  28  3:38  Drone x2  
  30  3:44  Overlord  
  30  3:52  Drone x2  
  32  4:01  Drone x4  
  36  4:08  Drone x2  
  38  4:13  Metabolic Boost  
  38  4:19  Drone  
  38  4:20  Drone x3  
  41  4:32  Drone x3  
  44  4:39  Hatchery  
  43  4:49  Drone x6, Extractor  
  43  4:51  Extractor  
  47  4:59  Roach Warren  
  46  5:01  Drone x2  
  46  5:06  Overlord x2  
  48  5:10  Overlord  
  48  5:13  Overlord  
  48  5:27  Overlord x2  
  48  5:36  Overlord  
  48  5:40  Roach x7  
  62  5:43  Roach  
  64  5:59  Zergling x6  
  64  6:02  Zergling x6  
  64  6:04  Ravager  
  71  6:09  Zergling x12, Evolution Chamber  
  76  6:14  Zergling x2  
  76  6:15  Zergling x2  
  76  6:16  Ravager x5  
  83  6:26  Zergling x6  
  83  6:28  Overlord  
  86  6:35  Drone  
  86  6:36  Zerg Ground Armor Level 1  
  86  6:37  Zergling x2  
  88  6:42  Zergling x2  
  88  6:43  Zergling x14  
  93  6:56  Overlord  
  87  7:07  Roach x6  
  82  7:21  Zergling x20  
  90  7:33  Lair  
  90  7:37  Extractor  
  89  7:45  Roach x10  
  89  7:47  Drone  
  89  7:49  Drone x2  
  112  7:56  Overlord  
  112  8:07  Drone x5  
  117  8:23  Drone x4, Overlord x2  
  117  8:24  Overlord x2  
  120  8:34  Overseer, Spire  
  120  8:38  Glial Reconstitution  
  119  8:41  Overlord x2  
  119  8:53  Queen x3  
  119  8:55  Overlord  
  123  9:10  Roach x8  
  133  9:29  Zergling x28  
  140  9:31  Extractor  
  139  9:46  Mutalisk  
  139  9:47  Mutalisk x6  
  148  10:04  Roach x5  
  148  10:05  Roach x2  
  123  10:14  Roach x5  
  107  10:21  Roach x3  
  89  10:30  Roach  
  89  10:31  Roach x4  
  87  10:41  Zergling x12  
  83  10:48  Queen  
  80  11:12  Hatchery  
  73  11:23  Mutalisk x5  
  83  11:30  Zerg Flyer Weapons Level 1  
  80  11:35  Overseer  
  75  11:57  Zergling x2  
  75  11:58  Zergling x10  
  75  12:05  Roach Warren  
  68  12:08  Overseer  
  68  12:14  Zergling x8  
  66  12:16  Queen x2  
  70  12:27  Spore Crawler, Spine Crawler  
  68  12:34  Pneumatized Carapace  
  63  12:53  Mutalisk  
  63  12:54  Mutalisk x3  
  66  13:10  Overseer  
  66  13:13  Mutalisk x3  
  72  13:28  Drone x3  
  72  13:29  Drone x4  
  72  13:32  Overseer  
  73  13:43  Drone x2  
  75  13:56  Overseer  
  75  14:00  Overseer  
  75  14:01  Roach x4  
  85  14:24  Roach x7  
  82  14:47  Drone x10  
  88  15:00  Roach x4  
  94  15:21  Mutalisk x5  
  94  15:25  Overseer  
  104  15:31  Mutalisk x2  
  108  15:35  Zerg Flyer Weapons Level 2  
  108  15:48  Mutalisk x3  
  114  15:59  Roach x4  
  122  16:09  Overseer  
  122  16:14  Drone x3  
  122  16:17  Extractor  
  124  16:25  Hatchery  
  119  16:36  Roach x7  
  123  16:43  Baneling Nest  
  123  16:44  Overseer  
  123  16:45  Drone  
  123  16:46  Drone x2  
  125  16:51  Overseer  
  125  16:58  Overseer  
  125  17:01  Mutalisk x4  
  133  17:21  Mutalisk x6  
  143  17:32  Drone x5  
  143  17:35  Centrifugal Hooks  
  140  17:53  Zergling x20  
  150  18:02  Overseer  
  150  18:03  Zergling x2  
  150  18:04  Zergling x8  
  155  18:11  Overseer  
  155  18:12  Baneling x10  
  155  18:13  Baneling  
  155  18:26  Baneling  
  155  18:27  Baneling x17  
  155  18:44  Overseer  
  155  18:46  Overseer x2  
  155  18:52  Overlord  
  155  19:00  Overseer  
  155  19:03  Overlord  
  155  19:04  Hatchery  
  155  19:07  Extractor  
  151  19:22  Roach  
  151  19:23  Roach x11  
  155  19:43  Roach  
  155  19:44  Roach x7  
  126  19:56  Mutalisk x4  
  134  20:01  Extractor  
  134  20:02  Overseer  
  133  20:10  Zergling x10  
  138  20:20  Overseer  
  138  20:38  Baneling  
  138  20:39  Baneling x9  
  138  20:40  Zergling x20  
  142  21:01  Zergling x26  
  106  21:27  Mutalisk x7  
  118  21:44  Roach x6  
  129  22:02  Roach x6  
  129  22:05  Zerg Missile Weapons Level 1  
  137  22:34  Roach x11  
  157  22:50  Overseer  
  157  23:03  Baneling x3  
  157  23:04  Baneling x16  
  155  23:15  Roach  
  155  23:16  Overlord x6  
  155  23:18  Overseer  
  157  23:20  Overlord x2  
  157  23:28  Baneling x3  
  157  23:29  Baneling x3  
  157  23:39  Overlord  
  153  23:43  Roach x10  
  145  24:02  Zergling x2, Roach x8  
Show
View Real Time Build Order
Export as new Build Order

Elazer Zerg 

Build Orders: Hatch First 

Get SALT Encoding   

  12  0:00  Drone  
  13  0:08  Drone  
  14  0:14  Extractor, Drone  
  15  0:36  Hatchery  
  15  0:41  Extractor  
  13  0:43  Drone  
  13  0:48  Overlord  
  15  1:03  Spawning Pool  
  14  1:06  Drone  
  14  1:10  Drone  
  16  1:14  Drone  
  17  1:18  Drone  
  18  1:29  Drone  
  19  1:39  Drone  
  20  1:47  Drone  
  20  1:49  Queen x2  
  20  1:52  Zergling x2  
  26  1:59  Zergling x2  
  27  2:02  Zergling x2  
  28  2:13  Zergling x2  
  27  2:20  Zergling x2  
  27  2:30  Zergling x4  
  22  2:43  Drone x3  
  17  2:50  Drone  
  18  2:55  Drone  
  19  3:01  Drone  
  20  3:07  Drone  
  20  3:10  Drone  
  22  3:23  Drone x2  
  23  3:27  Drone x3  
  23  3:32  Overlord  
  26  3:41  Drone x3  
  28  3:50  Queen  
  28  3:52  Drone x2  
  32  3:59  Overlord  
  32  4:03  Drone  
  32  4:06  Extractor  
  32  4:10  Drone x2  
  34  4:24  Drone x2  
  36  4:32  Overlord  
  36  4:33  Drone  
  37  4:40  Extractor, Roach Warren  
  37  4:41  Drone x4  
  37  4:44  Overlord  
  39  4:49  Evolution Chamber  
  39  4:52  Overlord  
  38  4:53  Queen  
  38  4:54  Drone  
  41  5:01  Drone x3  
  41  5:04  Extractor  
  41  5:05  Drone  
  44  5:09  Drone x2  
  44  5:10  Drone x2, Lair  
  48  5:19  Evolution Chamber, Overlord  
  47  5:23  Overlord  
  47  5:28  Zerg Missile Weapons Level 1  
  47  5:31  Roach, Overlord  
  47  5:34  Drone x2, Extractor  
  50  5:37  Roach  
  50  5:39  Roach  
  50  5:41  Roach  
  56  5:43  Roach  
  56  5:46  Roach  
  56  5:49  Overlord  
  60  5:56  Roach x2  
  64  6:04  Roach x4  
  72  6:08  Overlord  
  72  6:14  Roach  
  74  6:18  Roach  
  74  6:19  Roach  
  74  6:22  Roach  
  74  6:25  Roach  
  82  6:36  Roach x4  
  82  6:38  Roach  
  92  6:46  Overlord  
  92  6:53  Roach Warren  
  89  6:54  Roach x2  
  89  7:08  Zergling x14  
  88  7:12  Metabolic Boost  
  86  7:21  Zerg Ground Armor Level 1  
  86  7:29  Overlord  
  86  7:37  Zerg Missile Weapons Level 2  
  86  7:38  Overlord  
  86  7:39  Overlord  
  86  7:43  Ravager x2  
  86  7:44  Ravager x2  
  89  7:45  Roach  
  89  7:49  Roach x4  
  100  7:56  Glial Reconstitution  
  100  8:02  Roach x3  
  106  8:05  Overlord  
  106  8:06  Overlord  
  106  8:18  Roach, Overlord  
  108  8:28  Roach x3  
  108  8:29  Roach  
  109  8:35  Roach x6  
  109  8:38  Ravager  
  109  8:41  Roach  
  124  8:42  Roach  
  126  8:57  Roach x2  
  126  8:59  Hatchery  
  129  9:04  Roach  
  129  9:06  Overlord  
  131  9:35  Roach  
  133  9:42  Hatchery  
  133  9:43  Roach  
  133  9:44  Overlord  
  133  9:45  Overlord  
  134  10:04  Roach x5  
  120  10:17  Queen  
  76  10:51  Roach  
  76  10:52  Roach x2  
  76  10:53  Queen  
  76  10:54  Tunneling Claws  
  79  10:59  Queen  
  81  11:04  Drone  
  81  11:05  Drone x2  
  81  11:07  Drone  
  83  11:13  Drone  
  80  11:21  Spore Crawler  
  80  11:22  Spore Crawler  
  76  11:29  Queen  
  68  11:35  Burrow, Roach  
  68  11:36  Roach x3  
  66  12:03  Drone x2  
  66  12:07  Drone x4  
  69  12:14  Queen, Hatchery  
  67  12:17  Roach x2  
  71  12:28  Spore Crawler  
  70  12:32  Roach x2  
  70  12:33  Spore Crawler  
  63  12:46  Queen  
  59  12:52  Roach x2  
  59  12:55  Spore Crawler  
  62  13:00  Queen  
  64  13:07  Spore Crawler, Roach x4  
  64  13:13  Spore Crawler  
  63  13:22  Queen  
  63  13:25  Drone x3  
  68  13:35  Queen  
  66  13:41  Drone x6  
  70  13:52  Roach x6  
  70  13:53  Roach x3  
  74  14:01  Roach x2  
  78  14:06  Spore Crawler  
  77  14:10  Drone x3  
  77  14:15  Roach  
  80  14:17  Queen  
  80  14:21  Drone  
  83  14:27  Drone x5  
  85  14:31  Roach x2  
  85  14:32  Roach  
  85  14:37  Queen  
  75  14:39  Drone x3  
  67  14:54  Roach x4  
  74  15:05  Roach x2  
  78  15:11  Drone x4  
  78  15:13  Drone  
  83  15:20  Roach x7  
  83  15:25  Drone x3  
  83  15:26  Hydralisk Den  
  85  15:28  Drone x2  
  85  15:33  Roach  
  89  15:38  Roach x2  
  83  15:52  Roach x5  
  83  15:57  Hydralisk x2  
  93  16:01  Hydralisk  
  95  16:05  Hydralisk  
  95  16:10  Grooved Spines  
  95  16:13  Hydralisk  
  95  16:16  Hydralisk  
  95  16:17  Spore Crawler  
  98  16:22  Hydralisk x2  
  98  16:35  Hydralisk x4  
  104  16:41  Hydralisk x2  
  108  16:51  Drone x2, Spore Crawler x2  
  108  16:57  Roach x12  
  106  17:06  Hydralisk x5  
  116  17:19  Roach x3  
  116  17:20  Muscular Augments  
  122  17:24  Overlord x2  
  122  17:27  Overlord  
  120  17:36  Zerg Ground Armor Level 2  
  120  17:40  Drone  
  121  17:44  Roach x3  
  127  17:54  Roach x4  
  135  18:02  Infestation Pit, Roach  
  135  18:04  Roach  
  138  18:06  Roach  
  138  18:09  Roach  
  142  18:18  Roach x2  
  146  18:28  Overlord x4  
  146  18:40  Hive  
  146  18:55  Hatchery  
  145  18:58  Roach x3  
  149  19:11  Roach x4  
  149  19:16  Hydralisk  
  153  19:37  Drone x9  
  112  19:46  Drone  
  105  19:54  Roach x19  
  105  19:59  Roach  
  103  20:00  Roach x2  
  103  20:01  Viper  
  106  20:10  Viper x2  
  104  20:21  Hydralisk x2  
  104  20:27  Hydralisk x2  
  104  20:28  Roach x12  
  108  20:32  Hydralisk  
  106  20:46  Roach x6  
  118  20:53  Roach x3  
  123  21:00  Roach x3  
  129  21:06  Roach x3  
  95  21:29  Roach x6  
  107  21:37  Roach  
  103  21:59  Hatchery  
  102  22:02  Roach  
  102  22:03  Roach  
  102  22:06  Roach  
  103  22:31  Hatchery  
  103  22:33  Roach x2  
  103  22:35  Roach  
  102  22:42  Roach  
  104  22:47  Roach  
  106  22:54  Roach x5  
  106  23:09  Roach x2  
  110  23:23  Viper  
  110  23:24  Roach  
  115  23:27  Roach x6  
  115  23:33  Roach  
  115  23:38  Roach  
  115  23:39  Roach  
  105  23:57  Roach x3  
  105  24:02  Roach x4  
  101  24:05  Roach x2  
Tags
 
Add a new tag
Caveats
  • Supply blocks, unpowered buildings, or Contaminate may cause inaccurate times.
  • Supply counts are checked every 10 seconds.